Map: [ESL] Hecate

Players

Firefly - Winner!

  • Race: Protoss Protoss
  • Spawn Location: 1:00

Nanami

  • Race: Protoss Protoss
  • Spawn Location: 7:00

Event: ESL SC2 Masters 2023 Winter (Regional)

VOD

Have the link to the VOD?

Description

Time

  • Played on: Nov. 3, 2023, 7:17 a.m.
  • Length: 6:15

All games in this series

Show
View Real Time Build Order
Export as new Build Order

Firefly Protoss - Winner!

Build Orders:  

Get SALT Encoding   

  12  0:00  Probe  
  13  0:12  Probe  
  14  0:17  Pylon  
  14  0:24  Probe (Chrono Boost)  
  15  0:36  Gateway  
  15  0:37  Probe (Chrono Boost)  
  16  0:44  Probe (Chrono Boost)  
  16  0:48  Assimilator  
  17  0:52  Probe (Chrono Boost)  
  18  1:04  Probe (Chrono Boost)  
  19  1:05  Assimilator  
  19  1:10  Gateway  
  19  1:13  Probe (Chrono Boost)  
  19  1:18  Probe  
  20  1:24  Cybernetics Core  
  21  1:30  Probe  
  22  1:37  Pylon  
  22  1:42  Probe  
  23  2:00  Adept x2  
  27  2:01  Robotics Facility  
  27  2:07  Warp Gate  
  27  2:13  Pylon  
  27  2:22  Pylon  
  27  2:30  Sentry  
  29  2:43  Shield Battery  
  29  2:46  Sentry, Warp Prism (Chrono Boost)  
  33  2:57  Stalker  
  35  3:13  Immortal (Chrono Boost)  
  39  3:27  Pylon  
  39  3:30  Shield Battery  
  39  3:42  Pylon  
  39  3:51  Immortal  
  43  3:59  Sentry  
  44  4:12  Phoenix  
  44  4:17  Adept  
  42  4:22  Gateway  
  42  4:33  Adept  
  44  4:40  Adept  
  46  4:48  Probe  
  47  5:00  Adept  
  47  5:01  Adept  
  47  5:04  Pylon  
  51  5:28  Stalker x3  
  57  5:35  Immortal  
  61  5:41  Pylon  
  61  6:05  Stalker x3  
Show
View Real Time Build Order
Export as new Build Order

Nanami Protoss 

Build Orders: Blink Stalkers 

Get SALT Encoding   

  12  0:00  Probe  
  13  0:12  Probe  
  14  0:18  Pylon  
  14  0:24  Probe (Chrono Boost)  
  15  0:36  Gateway  
  15  0:38  Probe (Chrono Boost)  
  16  0:43  Probe (Chrono Boost)  
  16  0:46  Assimilator  
  17  0:53  Probe (Chrono Boost)  
  17  0:54  Assimilator  
  18  1:05  Probe (Chrono Boost)  
  18  1:07  Gateway  
  19  1:13  Probe (Chrono Boost)  
  20  1:19  Probe  
  20  1:23  Cybernetics Core  
  21  1:31  Probe  
  22  1:35  Pylon  
  22  1:43  Probe  
  23  2:00  Stalker  
  28  2:01  Warp Gate  
  28  2:05  Stalker  
  27  2:10  Probe  
  27  2:13  Pylon  
  28  2:30  Stalker  
  28  2:35  Stalker  
  32  2:41  Twilight Council  
  32  3:01  Nexus  
  32  3:07  Shield Battery  
  32  3:15  Stalker  
  34  3:23  Stalker  
  34  3:26  Blink (Chrono Boost)  
  36  3:32  Probe  
  36  3:41  Pylon  
  36  3:44  Probe  
  37  4:01  Gateway  
  38  4:03  Stalker  
  32  4:21  Probe  
  32  4:35  Probe (Chrono Boost)  
  32  4:37  Probe (Chrono Boost)  
  35  4:46  Probe (Chrono Boost)  
  35  4:49  Probe (Chrono Boost)  
  35  4:51  Probe (Chrono Boost)  
  36  4:57  Probe  
  38  5:00  Stalker  
  38  5:02  Stalker, Probe  
  43  5:08  Stalker  
  43  5:11  Probe  
  45  5:24  Stalker  
  45  5:26  Stalker  
  47  5:32  Sentry  
  47  5:40  Shield Battery  
  47  5:43  Probe  
  47  5:47  Stalker  
  48  5:55  Probe  
  48  5:57  Sentry  
Tags
 
Add a new tag
Caveats
  • Supply blocks, unpowered buildings, or Contaminate may cause inaccurate times.
  • Supply counts are checked every 10 seconds.